 Dungeon Crawl Stone Soup version 0.19-a0-1920-g83281cb (webtiles) character file.

339 Leibowitz the Shield-Bearer (level 6, -1/51 HPs)
             Began as a Demigod Fighter on Oct 23, 2016.
             Slain by a phantom (10 damage)
             ... on level 4 of the Dungeon.
             The game lasted 00:11:09 (4838 turns).

Leibowitz the Shield-Bearer (Demigod Fighter)       Turns: 4838, Time: 00:11:10

Health: -1/51      AC: -1    Str: 21    XL:     6   Next: 7%
Magic:  8/8        EV:  9    Int: 12    God:
Gold:   119        SH: 13    Dex: 17    Spells: 0 memorised, 5 levels left

rFire  . . .     SeeInvis .     a - +0 long sword
rCold  . . .     Gourm    .     e - +0 leather armour
rNeg   . . .     Faith    .     c - +0 shield
rPois  .         Spirit   .     (no helmet)
rElec  .         Reflect  +     (no cloak)
rCorr  .         Harm     .     (no gloves)
MR     .....                    (no boots)
Stlth  ++........               l - +3 amulet of reflection
                                (no ring)
                                r - -5 ring of protection (curse)

@: no status effects
A: high mp 1
a: no special abilities


You were on level 4 of the Dungeon.
You were very hungry.

You visited 1 branch of the dungeon, and saw 4 of its levels.

You collected 119 gold pieces.

Inventory:

Hand Weapons
 a - a +0 long sword (weapon)
 b - a +0 dagger
Missiles
 j - 40 poisoned needles
 o - 2 poisoned javelins (quivered)
 t - a throwing net
Armour
 c - a +0 shield (worn)
 e - a +0 leather armour (worn)
Jewellery
 l - a +3 amulet of reflection (around neck)
 r - a cursed -5 ring of protection (left hand)
Wands
 p - a wand of slowing (22/48)
Scrolls
 h - 2 scrolls of identify
 i - a scroll of amnesia
 k - a scroll of teleportation
Potions
 d - a potion of might
 q - a potion of curing {unknown}
 s - a potion of flight {unknown}
 u - a potion of degeneration {unknown}
 v - a potion of ambrosia {unknown}
Books
 w - a book of Cantrips

   Spells                             Type                      Level
   a - Confusing Touch                Hexes                        1
   b - Animate Skeleton               Necromancy                   1
   c - Summon Small Mammal            Summoning                    1
   d - Apportation                    Translocation                1
Comestibles
 f - 2 bread rations
 g - 2 meat rations
 m - 3 slices of pizza
 n - a beef jerky


   Skills:
 + Level 3.3 Fighting
 + Level 0.3(2.2) Short Blades
 + Level 3.6 Long Blades
 + Level 3.1 Armour
 + Level 1.2 Dodging
 * Level 2.4 Stealth
 + Level 3.8 Shields


You had 5 spell levels left.
You didn't know any spells.

Dungeon Overview and Level Annotations

Branches:
Dungeon (4/15)
 Temple: D:4-7


Innate Abilities, Weirdness & Mutations

You have an increased reservoir of magic. (+10% MP)


Message History

You barely miss the phantom.
The phantom is severely damaged.
The phantom blinks!
You miss the phantom.
The phantom is severely damaged.
The phantom hits you.
* * * LOW HITPOINT WARNING * * *
You miss the phantom.
The phantom is severely damaged.
The phantom blinks!
Throwing (i - inventory. (,) - cycle):
o - 3 poisoned javelins (quivered)
Press: ? - help, Shift-Dir - straight line, f - phantom
Aim: a phantom (severely damaged)
You throw a poisoned javelin. The poisoned javelin hits the phantom.
The phantom is almost destroyed.
The phantom blinks!
You hit the phantom but do no damage.
The phantom is almost destroyed.
The phantom hits you!
You die...

.......<.#...........
.####...###....####..
.####...###...)#### #
...................
............. ...
............. ...
.##....###.... #.#
.#########....##.####
................@...#
................W...+
.#..................#
##.....#########...##
##'#######...##...#
#...............ยง.#
#...............(.#
#............##...#
#.########...######


You could see a phantom.

Vanquished Creatures
  A howler monkey (D:4)
  Ijyb (D:2)
  A worker ant (D:4)
  10 gnolls
  5 adders
  2 oozes
  An adder skeleton (D:4)
  7 worms
  A dart slug (D:1)
  6 leopard geckos
  An orc (D:3)
  5 giant cockroaches
  9 goblins
  4 hobgoblins
  4 jackals (D:3)
  2 quokkas (D:3)
  A ball python (D:2)
  8 bats
  7 frilled lizards
  5 kobolds
  A leopard gecko skeleton (D:4)
  8 rats
90 creatures vanquished.

Notes
Turn   | Place    | Note
-------+----------+-------------------------------------------
     0 | D:1      | Leibowitz the Demigod Fighter began the quest for the Orb.
     0 | D:1      | Reached XP level 1. HP: 18/18 MP: 3/3
   145 | D:1      | Reached XP level 2. HP: 20/25 MP: 4/4
   677 | D:2      | Reached skill level 1 in Stealth
   705 | D:2      | Noticed Ijyb
   738 | D:2      | Killed Ijyb
   738 | D:2      | Reached XP level 3. HP: 10/31 MP: 5/5
  1389 | D:2      | Reached XP level 4. HP: 17/38 MP: 6/6
  2307 | D:2      | Found a faded altar of an unknown god.
  2829 | D:3      | Reached skill level 1 in Dodging
  2829 | D:3      | Reached XP level 5. HP: 35/45 MP: 7/7
  2969 | D:3      | Found a radiant altar of Vehumet.
  3040 | D:3      | Found a glowing golden altar of the Shining One.
  3309 | D:3      | HP: 1/45 [gnoll/halberd (5)]
  4308 | D:4      | Reached XP level 6. HP: 7/51 MP: 8/8
  4838 | D:4      | Slain by a phantom

Vault maps used:
D:1:      minmay_arrival_open_corners
D:2:      ecumenical_altar_1, uniq_iyjb
D:3:      old_standard_altar, tso_oasis_becter, first_bread

Skill      XL: |  1  2  3  4  5 |
---------------+----------------+-----
Fighting       | 3 |  3.3
Long Blades    | 2 3 |  3.6
Stealth        | 1 2 |  2.4
Shields        | 3 |  3.8
Dodging        | 1 |  1.2
Armour         | 3 |  3.1
Short Blades   | |  0.3

Action                   |  1- 3 |  4- 6 || total
-------------------------+-------+-------++-------
Melee: Long sword        |   121 |   209 ||   330
       Dagger            |     2 |    15 ||    17
Throw: Javelin           |       |     1 ||     1
  Use: Potion            |     1 |     3 ||     4
       Scroll            |       |     3 ||     3
 Stab: Sleeping          |     4 |     5 ||     9
  Eat: Chunk             |     1 |     9 ||    10
       Fruit             |       |     2 ||     2
Armor: Leather armour    |    18 |    21 ||    39
       Skin              |     3 |       ||     3
Dodge: Dodged            |    34 |    76 ||   110
Block: Shield            |    50 |   161 ||   211
       Reflection        |       |     1 ||     1
       Rpst.: Long sword |    10 |    22 ||    32
